 Dungeon Crawl Stone Soup version 0.26.1-2-gb8aa6d0cf2 (webtiles) character file.

Game seed: 3482886024644764139

4540 TurboTronic the Archer (level 10, -8/88 HPs)
             Began as a Minotaur Hunter on Feb 27, 2021.
             Was an Elder of Dithmenos.
             Mangled by a shadow (19 damage)
             ... on level 10 of the Dungeon.
             The game lasted 01:14:29 (10616 turns).

TurboTronic the Archer (Minotaur Hunter)           Turns: 10616, Time: 01:14:30

Health: -8/88      AC: 14    Str: 16    XL:     10   Next: 17%
Magic:  9/9        EV: 11    Int: 10    God:    Dithmenos [****..]
Gold:   422        SH:  0    Dex: 13    Spells: 9/9 levels left

rFire    . . .     SeeInvis .   D - +0 dagger (venom)
rCold    . . .     Faith    +   (no shield)
rNeg     . . .     Spirit   .   w - +0 scale mail
rPois    .         Reflect  .   (helmet restricted)
rElec    .         Harm     .   y - +2 cloak
rCorr    .         Rampage  .   C - +0 pair of gloves
Will     +....                  m - +1 pair of boots
Stlth    ..........             h - amulet of faith
HPRegen  0.24/turn              v - ring of flight
MPRegen  0.11/turn              q - ring of willpower

@: wreathed by umbra
A: retaliatory headbutt, horns 2
a: Renounce Religion, Evoke Flight, Shadow Step


You were on level 10 of the Dungeon.
You worshipped Dithmenos.
Dithmenos was greatly pleased with you.
You visited 1 branch of the dungeon, and saw 10 of its levels.

You collected 550 gold pieces.
You spent 128 gold pieces at shops.

Inventory:

Hand Weapons
 a - a +1 shortbow
 b - a +0 short sword
 s - a +0 hand crossbow
 z - a +0 trident
 A - a +0 hunting sling
 D - a +0 dagger of venom (weapon)
Missiles
 d - 6 arrows
 u - 6 bolts
Armour
 c - a +0 leather armour
 m - a +1 pair of boots (worn)
 p - a +0 chain mail
 w - a +0 scale mail (worn)
 y - a +2 cloak (worn)
 C - a +0 pair of gloves (worn)
Jewellery
 h - an amulet of faith (around neck)
 j - a -4 ring of intelligence
 q - a ring of willpower (right hand)
 t - an uncursed amulet of the acrobat
 v - a ring of flight (left hand)
Wands
 r - a wand of digging (5)
 E - a wand of flame (10)
Scrolls
 e - 3 scrolls of identify
 g - 3 scrolls of remove curse
 k - a scroll of random uselessness
 l - 3 scrolls of amnesia
 o - 9 scrolls of teleportation
 x - a scroll of blinking
Potions
 n - 2 potions of attraction


   Skills:
 + Level 8.2 Fighting
 + Level 2.0 Short Blades
 + Level 0.4 Polearms
 + Level 12.8 Bows
 + Level 7.0 Armour
 + Level 3.5 Dodging
 + Level 1.4 Stealth


You had 9 spell levels left.
You didn't know any spells.
Your spell library contained the following spells:

 Spells                   Type           Power        Failure   Level
 Summon Small Mammal      Summ           0%           75%         1
 Call Imp                 Summ           0%           87%         2
 Call Canine Familiar     Summ           0%           98%         3
 Summon Guardian Golem    Hex/Summ       0%           98%         3
 Summon Ice Beast         Ice/Summ       0%           100%        4
 Summon Lightning Spire   Summ/Air       0%           100%        4


Dungeon Overview and Level Annotations

Branches:
Dungeon (10/15)            Temple (0/1) D:6
   Lair: D:8-11         Orc: D:9-12

Altars:
Cheibriados
Dithmenos
Makhleb
Sif Muna
Wu Jian
The Shining One
Beogh

Shops:
D:8 !

Annotations:
D:3 2 transporters, Name63's ghost, amateur DECj
D:5 3 runed translucent doors, Xiliam's ghost, novice MiBe
D:8 2 transporters, stripedtigrrr's ghost, novice GnWn
D:10 exclusion: oklob plant


Innate Abilities, Weirdness & Mutations

You reflexively headbutt those who attack you in melee.
You have a pair of horns on your head.


Message History

D - a +0 dagger of venom (weapon)
The shadow hits you!
* * * LOW HITPOINT WARNING * * *
The shadow slips into darkness.
The shadow flickers and vanishes!
The shadow strikes at you from the darkness!
* * * LOW HITPOINT WARNING * * *
Reactivating autopickup.
Deactivating autopickup; reactivate with Ctrl-A.
You hit something but do no damage. The shadow hits you.
The shadow strikes at you from the darkness!
Reactivating autopickup.
You closely miss the shadow. The shadow hits you.
* * * LOW HITPOINT WARNING * * *
The shadow slips into darkness.
The shadow flickers and vanishes!
Deactivating autopickup; reactivate with Ctrl-A.
You closely miss something. You headbutt something. The shadow hits you.
The shadow strikes at you from the darkness!
You die...

..#............>#..(Z.# ...
..######......#.#ZZ...# .....
..##...#......#.#ZZ...# ...#
.......#........#Z##### ....
.......########.#.########.. .
.......##.......Z........#.. ..#
..#######................#.###.#
###...<.#......O{W.......#.....#
.....##.#...[...@.########.....##
.....##.###########.....(........
.....##..........(........###....
.....##...................# #....
.....##...................# #....
.....##.............###...###....
.................................
#################################


You could see a two-headed ogre, a shadow, a goblin zombie, 2 orc zombies and 3
ogre zombies.

Vanquished Creatures
  A two-headed ogre (D:8)
  Nergalle (D:10)
  Menkaure (D:7)
  An orc warrior (D:8)
  2 phantoms
  A sky beast (D:6)
  6 ogres
  A necrophage (D:7)
  2 centaurs
  A big kobold (D:9)
  5 bullfrogs
  2 scorpions
  A troll zombie (D:10)
  10 killer bees
  2 howler monkeys (D:8)
  2 centaur zombies (D:8)
  6 hounds
  8 orc wizards
  2 centaur skeletons
  3 orc priests
  An iguana (D:4)
  3 worker ants
  An ogre zombie (D:10)
  A howler monkey zombie (D:7)
  A howler monkey skeleton (D:7)
  14 adders
  A shadow imp (D:8)
  A white imp (D:4)
  2 oozes (D:3)
  An adder zombie (D:6)
  3 adder skeletons
  2 worms
  2 dart slugs
  6 leopard geckos
  33 orcs
  8 bats
  7 giant cockroaches
  16 goblins
  2 hobgoblins (D:2)
  10 jackals
  3 quokkas
  9 frilled lizards
  A goblin skeleton (D:10)
  A goblin zombie (D:10)
  A hobgoblin skeleton (D:10)
  A hobgoblin zombie (D:10)
  12 kobolds
  An orc skeleton (D:10)
  6 orc zombies (D:10)
  A quokka skeleton (D:4)
  10 rats
219 creatures vanquished.

Vanquished Creatures (others)
  6 plants (D:10)
6 creatures vanquished.

Grand Total: 225 creatures vanquished

Notes
Turn   | Place    | Note
-------+----------+-------------------------------------------
     0 | D:1      | TurboTronic the Minotaur Hunter began the quest for the
                  | Orb.
     0 | D:1      | Reached XP level 1. HP: 18/18 MP: 0/0
   170 | D:1      | Reached XP level 2. HP: 25/25 MP: 1/1
   390 | D:1      | Reached skill level 5 in Bows
   791 | D:1      | Reached XP level 3. HP: 30/30 MP: 2/2
  1821 | D:2      | Reached skill level 1 in Armour
  1821 | D:2      | Reached XP level 4. HP: 38/38 MP: 3/3
  2366 | D:3      | Reached skill level 6 in Bows
  2445 | D:3      | Reached XP level 5. HP: 45/45 MP: 4/4
  2584 | D:3      | Noticed Name63's ghost (amateur DECj)
  2658 | D:3      | Found a transporter.
  2790 | D:3      | Found a transporter.
  2847 | D:3      | Found a shadowy altar of Dithmenos.
  2881 | D:3      | Became a worshipper of Dithmenos the Shadowed
  3179 | D:4      | Found a glowing golden altar of the Shining One.
  3188 | D:4      | Noticed an ogre
  3197 | D:4      | Killed an ogre
  3198 | D:4      | Reached skill level 7 in Bows
  3316 | D:4      | Reached XP level 6. HP: 39/52 MP: 5/5
  3735 | D:4      | Reached * piety under Dithmenos
  3745 | D:4      | Reached skill level 8 in Bows
  3863 | D:4      | Reached XP level 7. HP: 56/60 MP: 6/6
  3979 | D:4      | Reached skill level 1 in Stealth
  4107 | D:5      | Entered Level 5 of the Dungeon
  4256 | D:5      | Found a runed translucent gate.
  4256 | D:5      | Found a runed translucent gate.
  4258 | D:5      | Found a runed translucent gate.
  4258 | D:5      | Noticed Xiliam's ghost (novice MiBe)
  4260 | D:5      | Identified the +10 dagger "Demonbane" {vorpal, *Drain rElec
                  | Str+4}
  4456 | D:5      | Reached ** piety under Dithmenos
  4908 | D:5      | Found a roughly hewn altar of Beogh.
  4956 | D:6      | Found an ornate altar of the Wu Jian Council.
  5052 | D:6      | Reached skill level 9 in Bows
  5309 | D:6      | Found a staircase to the Ecumenical Temple.
  5347 | D:6      | Reached skill level 5 in Fighting
  5421 | D:6      | Reached XP level 8. HP: 68/68 MP: 7/7
  5923 | D:7      | Reached skill level 10 in Bows
  5999 | D:7      | HP: 2/70 [bullfrog (4)]
  6002 | D:7      | Reached skill level 5 in Armour
  6366 | D:7      | Reached *** piety under Dithmenos
  6746 | D:7      | Noticed Menkaure
  6752 | D:7      | Killed Menkaure
  6908 | D:7      | Found a shimmering blue altar of Sif Muna.
  6989 | D:7      | Reached XP level 9. HP: 72/75 MP: 8/8
  7294 | D:7      | Reached skill level 11 in Bows
  8111 | D:8      | Found a burning altar of Makhleb.
  8495 | D:8      | Noticed a six-headed hydra
  8496 | D:8      | Noticed a troll
  8497 | D:8      | Noticed stripedtigrrr's ghost (novice GnWn)
  8645 | D:8      | Found a transporter.
  8648 | D:8      | Found Wevvapn's Distillery.
  8653 | D:8      | Found a transporter.
  8661 | D:8      | Bought a potion of curing for 48 gold pieces
  8661 | D:8      | Bought a potion of heal wounds for 80 gold pieces
  8830 | D:8      | Reached skill level 1 in Short Blades
  8836 | D:8      | Reached **** piety under Dithmenos
  8934 | D:8      | Noticed a two-headed ogre
  8958 | D:8      | Killed a two-headed ogre
  8959 | D:8      | Reached skill level 12 in Bows
  9261 | D:9      | Found a snail-covered altar of Cheibriados.
  9706 | D:10     | Entered Level 10 of the Dungeon
  9815 | D:10     | Noticed an oklob plant
 10051 | D:10     | Noticed Nergalle
 10074 | D:10     | Killed Nergalle
 10075 | D:10     | Reached XP level 10. HP: 76/88 MP: 9/9
 10599 | D:10     | Noticed a two-headed ogre
 10616 | D:10     | Mangled by a shadow

Illustrated notes

Levels and vault maps discovered:
D:1:      elethiomel_arrival_diamonds, layout_loops_ring, minmay_pentomino_p2
D:2:      layout_basic
D:3:      layout_loops_ring, marbit_many_paths, gammafunk_ghost_stat_death
D:4:      layout_rooms, nicolae_overflow_crystal_walls
D:5:      layout_loops_cross, biasface_ghost_orc_armoury
D:6:      layout_loops_ring, lemuel_crystal_altar, minmay_temple_entry_arrows,
          minmay_ogre_servants
D:7:      layout_loops_cross, lemuel_blue_sif_altar, uniq_menkaure
D:8:      layout_loops_ring, bloody_makhleb, gammafunk_ghost_arena,
          serial_shops, shop
D:9:      layout_big_octagon, lemuel_round_altar
D:10:     layout_stronghold, dpeg_oklobed_lair, zombieorc2_lemuel, uniq_nergalle

Skill      XL: |  1  2  3  4  5  6  7  8  9 10 |
---------------+-------------------------------+-----
Bows           | 5 6 7 8 9 10 12 | 12.8
Fighting       | 3 4 5 6 8 |  8.2
Armour         | 1 2 3 4 5 7 |  7.0
Stealth        | 1 |  1.4
Dodging        | 3 |  3.5
Short Blades   | 1 2 |  2.0
Polearms       | |  0.4

Action                   |  1- 3 |  4- 6 |  7- 9 | 10-12 || total
-------------------------+-------+-------+-------+-------++-------
Melee: Shortbow          |     4 |     2 |       |       ||     6
       Short sword       |       |       |    48 |       ||    48
       Trident           |       |       |     4 |    11 ||    15
       Dagger            |       |       |    14 |    17 ||    31
       Headbutt          |       |       |    11 |     8 ||    19
 Fire: Shortbow          |   124 |   167 |   436 |    28 ||   755
       Hand crossbow     |       |       |       |     5 ||     5
Evoke: Wand              |       |       |       |     1 ||     1
  Use: Scroll            |       |     4 |     8 |     2 ||    14
       Potion            |       |     1 |    10 |     2 ||    13
Armor: Leather armour    |    25 |       |       |       ||    25
       Chain mail        |       |     5 |       |       ||     5
       Scale mail        |       |    33 |   114 |    31 ||   178
Dodge: Dodged            |    34 |    34 |   155 |    32 ||   255
